 Dungeon Crawl Stone Soup version 0.18.1-5-g4a78601 (webtiles) character file.

1080172 incide the Skullcrusher (level 27, 0/218 HPs)
             Began as a Minotaur Wanderer on May 13, 2016.
             Was a High Priest of Qazlal.
             Killed by drain life
             ... invoked by a soul eater
              (9 damage)
             ... in Pandemonium on May 14, 2016.
             The game lasted 05:23:52 (80068 turns).

incide the Skullcrusher (Minotaur Wanderer)        Turns: 80068, Time: 05:23:54

Health: 0/218      AC: 41    Str: 47    XL:     27
Magic:  0/31       EV: 28    Int:  8    God:    Qazlal [*****.]
Gold:   9699       SH: 32    Dex: 16    Spells: 1 memorised, 25 levels left

rFire  + . .     SeeInvis +     a - +9 eveningstar of the Known World {crush, *Drain rElec Str+4}
rCold  + . .     Gourm    .     V - +10 plate armour "Xesav" {Str+4 Dex+8}
rNeg   . . .     Faith    .     S - +5 shield {reflect}
rPois  +         Spirit   +     i - +2 hat {Spirit}
rElec  +         Dismiss  .     M - +2 cloak "Ranutz" {rF+ SInv}
rCorr  .         Reflect  +     r - +2 pair of gloves {Str+3}
SustAt .         Harm     .     j - +2 pair of boots {Stlth+} (curse)
MR     +++..                    K - amulet of regeneration
Stlth  ..........               h - ring "Pupsovic" {Str+6 Int+3 Dex-4 Slay+6}
                                D - ring "Moja" {Ice rElec rPois MR+ SInv}

@: repel missiles, extremely resistant to hostile enchantments, extremely
unstealthy
A: retaliatory headbutt, horns 2, clumsy 1, deformed body, fire resistance 1,
frail 2, low mp 2, slow regeneration 2
a: Upheaval, Elemental Force, Disaster Area, Renounce Religion
}: 9/15 runes: serpentine, barnacled, slimy, silver, iron, obsidian, icy, bone,
abyssal


You were in Pandemonium.
You worshipped Qazlal.
Qazlal was extremely pleased with you.
You were not hungry.

You visited 16 branches of the dungeon, and saw 87 of its levels.
You visited Pandemonium 1 time, and saw 2 of its levels.
You visited the Abyss 1 time.
You visited 2 bazaars.
You also visited: Trove and Ice Cave.

You collected 11637 gold pieces.
You spent 1938 gold pieces at shops.

Inventory:

Hand Weapons
 a - the +9 eveningstar of the Known World (weapon) {crush, *Drain rElec Str+4}
   (You took it off a deep elf annihilator on level 3 of the Elven Halls)

   It inflicts extra damage upon your enemies.
   It affects your strength (+4).
   It insulates you from electricity.
   It causes draining when unequipped.
 B - a +3 whip of holy wrath
Missiles
 b - 28 javelins of penetration
 q - 10 throwing nets (quivered)
Armour
 i - a +2 hat of spirit shield (worn)
 j - a cursed +2 pair of boots of stealth (worn)
 r - a +2 pair of gloves of strength (worn)
 M - the +2 cloak "Ranutz" (worn) {rF+ SInv}
   (You found it on level 13 of the Dungeon)

   It protects you from fire.
   It lets you see invisible.
 S - a +5 shield of reflection (worn)
 V - the +10 plate armour "Xesav" (worn) {Str+4 Dex+8}
   (You bought it in a shop on level 3 of the Vaults)

   It affects your strength (+4).
   It affects your dexterity (+8).
Jewellery
 h - the ring "Pupsovic" (right hand) {Str+6 Int+3 Dex-4 Slay+6}
   (You found it on level 6 of the Pits of Slime)

   [ring of strength]

   It affects your strength (+6).
   It affects your intelligence (+3).
   It affects your dexterity (-4).
   It affects your accuracy and damage with ranged weapons and melee attacks
   (+6).
 m - the amulet of Cekugob {Dismiss -Tele rElec rPois rN++ AC+1 EV+1}
   (You found it on level 6 of the Pits of Slime)

   [amulet of dismissal]

   It may teleport away creatures that harm you.
   It affects your AC (+1).
   It affects your evasion (+1).
   It insulates you from electricity.
   It protects you from poison.
   It greatly protects you from negative energy.
   It prevents most forms of teleportation.
 w - the ring of the Mage {Wiz MR++ Int+3}
   (You found it on level 7 of Cocytus)

   [ring of wizardry]

   It improves your spell success rate.
   It affects your intelligence (+3).
   It affects your resistance to hostile enchantments.
 D - the ring "Moja" (left hand) {Ice rElec rPois MR+ SInv}
   (You found it on level 8 of the Lair of Beasts)

   [ring of ice]

   It enhances your ice magic, and weakens your fire magic.
   It makes you vulnerable to fire.
   It protects you from cold.
   It insulates you from electricity.
   It protects you from poison.
   It affects your resistance to hostile enchantments.
   It lets you see invisible.
 K - an amulet of regeneration (around neck)
 O - the ring of Kueqim {rF+ rN+ Dex+6 Stlth-}
   (You found it on level 5 of the Vaults)

   [ring of protection from fire]

   It affects your dexterity (+6).
   It protects you from fire.
   It protects you from negative energy.
   It makes you less stealthy.
Wands
 y - a wand of digging (10/24)
 z - a wand of iceblast (4/15)
 G - a wand of teleportation (9/9)
 L - a wand of disintegration (4/24)
 P - a wand of lightning (7/15)
 Y - a wand of acid (2/15)
Scrolls
 c - 3 scrolls of holy word
 d - 14 scrolls of teleportation
 e - a scroll of identify
 f - 2 scrolls of summoning
 s - 3 scrolls of enchant armour
 u - 12 scrolls of fog
 H - 5 scrolls of fear
 R - a scroll of magic mapping
 T - 4 scrolls of recharging
 W - 25 scrolls of remove curse
 Z - 3 scrolls of silence {!r}
Potions
 l - 3 potions of cancellation
 n - 6 potions of invisibility
 o - 7 potions of haste
 p - 5 potions of might
 x - 13 potions of curing
 E - a potion of ambrosia {!e}
 F - 4 potions of agility
 J - 2 potions of resistance
 N - 2 potions of flight
 Q - 4 potions of berserk rage
 X - 5 potions of magic
Miscellaneous
 k - a box of beasts {used: 5}
 v - a fan of gales
Comestibles
 g - 35 bread rations
 t - 48 fruits
 A - a meat ration


   Skills:
 O Level 27 Fighting
   Level 2.4(18.8) Axes
 O Level 27 Maces & Flails
 - Level 2.0 Throwing
 O Level 27 Armour
 O Level 27 Dodging
 - Level 22.6 Shields
 - Level 1.1 Unarmed Combat
 O Level 27 Invocations
 + Level 20.0 Evocations


You had 25 spell levels left.
You knew the following spells:

 Your Spells              Type           Power        Failure   Level  Hunger
a - Summon Butterflies    Summ           #.......     82%         1    ##.....


Dungeon Overview and Level Annotations

Branches:
Dungeon (15/15)            Temple (1/1) D:5            Lair (8/8) D:8
 Shoals (4/4) Lair:6        Snake (4/4) Lair:5        Slime (6/6) Lair:8
    Orc (2/2) D:10            Elf (3/3) Orc:2        Vaults (5/5) D:14
  Crypt (0/3) Vaults:3     Depths (5/5) D:15           Hell (1/1)
    Dis (7/7) Hell            Geh (7/7) Hell            Coc (7/7) Hell
    Tar (7/7) Hell            Zot (5/5) Depths:5

Altars:
Ashenzari
Cheibriados
Dithmenos
Elyvilon
Fedhas
Gozag
Kikubaaqudgha
Makhleb
Nemelex Xobeh
Okawaru
Pakellas
Qazlal
Ru
Sif Muna
Trog
Vehumet
Xom
Yredelemnul
Zin
The Shining One
Beogh
Jiyva

Shops:
Orc:2 =:(:   Shoals:3 (   Snake:4 *   Vaults:1 }   Vaults:3 [   Vaults:4 }
Vaults:5 }

Portals:
Hell: Depths:1 Depths:2 Depths:3 Depths:4 Depths:5
Abyss: Depths:3 Depths:4
Pandemonium: Depths:1 Depths:3 Depths:5
Ziggurat: Depths:5

Annotations:
Zot:5 1 exclusion


Innate Abilities, Weirdness & Mutations

You reflexively headbutt those who attack you in melee.
You have a pair of horns on your head.
You are clumsy. (Dex -2)
Armour fits poorly on your strangely shaped body.
Your flesh is heat resistant.
You are very frail (-20% HP).
Your magical capacity is very low (-20% MP).
You do not regenerate naturally when monsters are visible.


Message History

You barely miss the Hell Sentinel.
The Hell Sentinel is severely wounded.
Something screams, "Give up, thou cockered two-tin-hat gnoll-tail!"
You block the Hell Sentinel's attack.
The Hell Sentinel hits you but does no damage.
You are struck by the Hell Sentinel's spines.
* * * LOW HITPOINT WARNING * * *
You skewer the Hell Sentinel like a kebab!!!
You headbutt the Hell Sentinel.
You kill the Hell Sentinel!
Qazlal accepts your kill.
Your Evocations skill increases to level 20!
The soul eater draws from the surrounding life force!
* * * LOW HITPOINT WARNING * * *
A sun demon comes into view.
You see here 26 arrows.
A hellwing comes into view.
Something barks, "Embrace thy doom, thou pottle-deep fly-bitten giglet!"
The soul eater draws from the surrounding life force!
You die...

###### ###....###
###........###
###.......§§.§.###
#.....^.....§.§..###
#....[..######@3§3...###
......#### ####..4...##
..#### ####....# .
...### ####.§§§..##
......######3...§..###
####..........3.....###
#..................###
.................###
...............###


You could see a soul eater, a sun demon and a hellwing.

Vanquished Creatures
  Antaeus (Coc:7)
  Asmodeus (Geh:7)
  the Royal Jelly (Slime:6)
  the Serpent of Hell (Dis:7)
  Ereshkigal (Tar:7)
  Dispater (Dis:7)
  4 orbs of fire
  2 ancient liches
  3 juggernauts
  26 shard shrikes
  Saint Roka (Depths:5)
  5 curse toes
  Vashnia (Snake:4)
  Geryon (Hell)
  A caustic shrike (Depths:3)
  8 golden dragons
  A pandemonium lord (Pan)
  5 iron giants
  6 doom hounds (Tar:7)
  7 bone dragons
  23 Tzitzimimeh
  19 Brimstone Fiends
  11 Hell Sentinels
  Jorgrun (Elf:3)
  20 tentacled monstrosities
  15 Ice Fiends
  7 Orb Guardians (Zot:5)
  4 liches
  Asterion (Snake:4)
  2 krakens
  3 deep elf blademasters
  2 deep elf master archers (Elf:3)
  4 titans
  8 death cobs
  21 acid blobs
  A tentacled starspawn (Abyss:1)
  Polyphemus (Shoals:2)
  13 Executioners
  Murray (Depths:5)
  4 quicksilver dragons
  7 sphinxes
  Gastronok (Lair:2)
  An eldritch tentacle (Coc:4)
  6 tengu reavers
  A warmonger (Pan)
  19 shadow dragons
  Frances (Shoals:2)
  7 ancient champions (Dis:7)
  4 draconian monks
  22 storm dragons
  Kirke (Lair:6)
  18 azure jellies
  Wiglaf (Vaults:1)
  20 fire giants
  13 greater nagas
  4 ghost moths
  Ilsuiw (Shoals:4)
  20 frost giants
  3 iron dragons
  Aizul (Shoals:3)
  24 balrugs
  11 deep elf sorcerers
  6 draconian zealots
  6 draconian scorchers
  Donald (Shoals:1)
  19 vault wardens
  2 draconian shifters
  Louise (Shoals:1)
  3 cacodemons
  4 draconian knights
  An orc warlord (Orc:2)
  A caustic shrike zombie (D:15)
  8 deep elf elementalists
  An angel (Pan)
  16 ironheart preservers
  5 draconian annihilators
  3 draconian callers
  2 spriggan defenders
  3 elemental wellsprings
  15 very ugly things
  13 green draconians
  14 war gargoyles
  A blood saint (Pan)
  10 salamander stormcallers
  61 reapers
  A chaos champion (Pan)
  6 black draconians
  A corrupter (Pan)
  10 deep elf demonologists
  6 vampire knights
  33 stone giants
  4 lorocyprocas
  8 purple draconians
  Azrael (Snake:1)
  4 deep elf annihilators
  6 red draconians
  13 yellow draconians
  8 mottled draconians
  5 spark wasps (Depths:5)
  6 deep elf death magi
  2 eidola (Tar:7)
  3 merfolk javelineers
  10 ettins
  9 death oozes
  5 quicksilver dragon zombies
  8 white draconians
  24 blizzard demons
  A crystal guardian (Vaults:4)
  The ghost of epen the Demolition Demonspawn, a journeyman DsGl of Makhleb (Lair:5)
  A jiangshi (Vaults:3)
  11 yaktaur captains
  15 naga warriors
  35 vault guards
  19 fire dragons
  10 merfolk impalers
  9 deep elf high priests
  A hell beast (Dis:7)
  6 quicksilver dragon skeletons
  Fannar (D:10)
  5 hydras
  45 ice dragons
  2 kraken zombies
  A ghost crab (shapeshifter) (D:14)
  16 great orbs of eyes
  4 rakshasas
  9 entropy weavers
  3 monstrous demonspawn (Pan)
  Erica (D:10)
  4 death knights
  11 anacondas
  A catoblepas (Shoals:2)
  A spriggan air mage (Depths:2)
  14 centaur warriors
  2 merfolk aquamancers
  13 ogre magi
  26 dancing weapons
  7 death yaks
  2 merfolk avatars
  8 deep troll earth magi
  14 deep troll shamans
  4 titan zombies
  4 spriggan berserkers
  The ghost of F1L1N the Blocker, a novice FoFi of Okawaru (D:8)
  7 tengu warriors
  A hell hog (shapeshifter) (Depths:4)
  9 naga sharpshooters
  26 hell hogs
  2 vampire magi
  13 shock serpents
  2 thrashing horrors (Abyss:3)
  5 orc high priests (Orc:2)
  23 deep elf knights
  8 storm dragon zombies
  Sonja (Lair:3)
  30 soul eaters
  7 titan skeletons
  57 hell knights
  27 sun demons
  23 shadow wraiths
  3 wretched stars (Abyss:1)
  9 salamander mystics
  5 iron trolls
  106 skeletal warriors
  8 unseen horrors
  4 golden dragon zombies
  A spatial maelstrom (Abyss:3)
  18 deep trolls
  13 sea snakes
  6 shadow demons (Tar:7)
  13 anaconda zombies
  7 giant orange brains
  2 ghost moth zombies
  6 storm dragon skeletons
  15 flayed ghosts
  6 hill giants
  9 golden dragon skeletons
  9 naga ritualists
  15 orc knights
  20 deep elf archers
  A hill giant (shapeshifter) (Vaults:5)
  15 phantasmal warriors
  4 shadow dragon zombies
  3 putrid demonspawn (Pan)
  22 necromancers
  5 wizards
  2 human zombies
  8 lindwurms
  6 anaconda skeletons
  88 deep elf magi
  19 ironbrand convokers
  8 orc sorcerers
  2 iron dragon zombies
  A wolf spider (Vaults:2)
  3 wolf spider zombies
  22 mana vipers
  2 hornets
  9 fire giant zombies
  22 harpies
  A worldbinder (Abyss:1)
  12 stone giant zombies
  11 griffons
  62 ugly things
  5 shadow dragon skeletons
  4 cyclopes
  5 shining eyes
  2 salamanders (shapeshifter)
  4 iron dragon skeletons
  15 manticores
  18 fauns
  4 frost giant zombies
  6 sixfirhies
  3 centaur zombies
  7 stone giant skeletons
  12 sirens
  42 salamanders
  33 rust devils
  25 moths of wrath
  An apocalypse crab (Abyss:2)
  14 vault sentinels
  An eye of devastation (shapeshifter) (Depths:3)
  5 human skeletons
  19 naga magi
  5 frost giant skeletons
  3 eyes of devastation
  17 elephants
  2 shock serpent zombies
  10 guardian serpents
  6 fire giant skeletons
  3 orange demons
  7 water nymphs
  A black mamba (shapeshifter) (Vaults:1)
  A torpor snail (Lair:6)
  9 smoke demons
  6 molten gargoyles
  Psyche (D:10)
  4 ice statues
  A water nymph (shapeshifter) (Vaults:1)
  43 black mambas
  7 dire elephant zombies
  4 shock serpent skeletons
  The ghost of imganon the Cleaver, a novice DsBe of Trog (D:5)
  An emperor scorpion zombie (Coc:4)
  A demonic crawler (Pan)
  13 spiny frogs
  2 yaktaurs (shapeshifter)
  53 yaktaurs
  3 rime drakes
  30 hellions
  4 kobold demonologists
  38 freezing wraiths
  A komodo dragon (shapeshifter) (Depths:5)
  5 efreet
  A yaktaur zombie (D:15)
  12 komodo dragons
  A guardian mummy (D:15)
  A golden dragon simulacrum (Coc:7)
  An entropy weaver zombie (Vaults:2)
  46 tormentors
  7 dire elephant skeletons
  7 anaconda simulacra (IceCv)
  37 ice devils
  2 tengu conjurers
  An ancient zyme (Abyss:2)
  4 jumping spiders
  27 red devils
  2 silent spectres
  2 catoblepas skeletons (Geh:7)
  2 spriggan druids
  12 trolls
  A troll (shapeshifter) (Vaults:4)
  33 merfolk
  A merfolk (shapeshifter) (Vaults:5)
  2 harpy zombies
  6 wind drakes
  13 hydra zombies
  5 harpy skeletons
  7 bog bodies (Coc:7)
  A wolf spider simulacrum (Abyss:2)
  Grinder (D:5)
  9 polar bears
  A snapping turtle (shapeshifter) (D:13)
  6 ice dragon zombies
  13 fire dragon zombies
  109 slime creatures
  30 two-headed ogres
  5 boulder beetles
  14 blink frogs
  8 snapping turtles
  A stone giant simulacrum (Abyss:2)
  A raiju (Abyss:3)
  6 ettin zombies
  17 redbacks
  2 fire dragon skeletons
  9 hydra skeletons
  2 air elementals
  A redback (shapeshifter) (D:15)
  4 alligator zombies
  3 alligator skeletons
  31 water elementals
  158 flying skulls
  11 spriggans
  3 spriggans (shapeshifter)
  8 black mamba zombies
  7 ynoxinuls
  20 shadows
  5 ettin skeletons
  Sigmund (D:5)
  A tarantella (Depths:4)
  2 wyverns
  A dire elephant simulacrum (IceCv)
  A vampire (D:11)
  32 yaks
  32 wraiths
  A wyvern (shapeshifter) (Depths:5)
  A basilisk (Lair:2)
  4 ice dragon skeletons
  3 fire bats (Geh:2)
  16 fire elementals
  2 humans (shapeshifter)
  10 hippogriffs
  2 black mamba skeletons
  11 large abominations
  2 golden eyes (shapeshifter)
  2 humans (Lair:6)
  11 vampire mosquitoes
  3 chaos spawn
  A yaktaur simulacrum (Vaults:3)
  21 golden eyes
  6 neqoxecs
  The ghost of barb4r1an the Poker, an amateur MfSk (D:4)
  6 hungry ghosts
  8 wargs
  A death yak simulacrum (IceCv)
  2 iron troll simulacra (IceCv)
  A swamp worm (shapeshifter) (Vaults:5)
  5 insubstantial wisps (Abyss:2)
  A mottled dragon (Vaults:1)
  51 nagas
  A merfolk zombie (Coc:5)
  A soldier ant (D:11)
  2 soldier ants (shapeshifter)
  A harpy simulacrum (IceCv)
  4 spatial vortices
  Edmund (D:5)
  6 hydra simulacra
  10 water moccasins
  A hell hound (shapeshifter) (Depths:2)
  11 porcupines
  17 small abominations
  8 spiny frog zombies
  A giant eyeball (Depths:4)
  51 hell hounds
  58 orc warriors
  A manticore zombie (Coc:3)
  5 spiny frog skeletons
  15 ice beasts
  20 necrophages
  A swamp drake (shapeshifter) (Vaults:4)
  5 black bears
  2 swamp dragon zombies
  10 phantoms
  9 sky beasts
  A boggart (shapeshifter) (Depths:5)
  56 ogres
  5 alligator simulacra
  8 eyes of draining
  4 black mamba simulacra
  9 snapping turtle zombies
  6 wasps
  30 wolves
  3 boggarts (Vaults:3)
  29 centaurs
  A snapping turtle skeleton (Hell)
  2 swamp dragon skeletons
  18 crocodiles
  A manticore skeleton (Geh:7)
  An elf zombie (Tar:7)
  7 big kobolds
  6 giant frogs
  A giant frog (shapeshifter) (Vaults:5)
  2 elf skeletons
  A wyvern zombie (D:14)
  A spiny frog simulacrum (Coc:7)
  A gnoll sergeant (D:10)
  A water moccasin zombie (D:6)
  8 scorpions
  A troll zombie (Coc:3)
  10 killer bees
  A snapping turtle simulacrum (Coc:7)
  A manticore simulacrum (Coc:7)
  3 tengu skeletons
  45 wights
  A howler monkey (D:9)
  6 electric eels
  13 crimson imps
  2 giant frog zombies
  A draconian simulacrum (IceCv)
  2 quasits
  30 orc priests
  22 starcursed masses
  7 centaur skeletons
  8 hounds
  40 jellies
  3 giant frog skeletons
  24 orc wizards
  15 iron imps
  7 iguanas
  Ijyb (D:3)
  4 troll simulacra (IceCv)
  6 hell rats
  11 worker ants
  2 polar bear simulacra (IceCv)
  17 sheep
  A tengu zombie (Geh:1)
  A wolf simulacrum (IceCv)
  3 centaur simulacra (IceCv)
  An ogre zombie (Dis:7)
  A hound skeleton (D:6)
  9 mummies
  7 gnolls
  16 adders
  2 ogre simulacra (IceCv)
  46 river rats
  6 shadow imps
  25 white imps
  9 ufetubi
  An adder zombie (D:7)
  An adder skeleton (D:5)
  2 worms
  7 giant geckos
  107 orcs
  4 bats (D:2)
  A giant cockroach (D:3)
  8 goblins
  3 hobgoblins
  20 jackals
  34 kobolds
  10 quokkas
  2 ball pythons
  7 giant newts
  A kobold skeleton (Geh:2)
  A kobold zombie (Tar:2)
  An orc simulacrum (Coc:3)
  2 orc zombies
  9 rats
  2 butterflies (Lair:2)
  A crawling corpse (Elf:3)
  An eldritch tentacle segment (Geh:7)
  7 fire vortices
  47 fungi
  A lurking horror (Abyss:3)
  71 plants
  10 tentacles
  2 withered plants (D:15)
4629 creatures vanquished.

Vanquished Creatures (collateral kills)
  An acid blob (Slime:6)
  A great orb of eyes (Slime:6)
  A slime creature (Slime:6)
  A jelly (Slime:6)
4 creatures vanquished.

Vanquished Creatures (others)
  An iron giant (Dis:6)
  An eldritch tentacle (Geh:7)
  A tengu reaver (Depths:4)
  2 elemental wellsprings (Coc:7)
  3 stone giants (Dis:5)
  A salamander stormcaller (Hell)
  A black draconian (Zot:5)
  4 merfolk javelineers
  A vault guard (Vaults:2)
  7 yaktaur captains
  2 ice dragons (Coc:7)
  2 hell hogs
  3 centaur warriors
  An ogre mage (Vaults:2)
  3 deep elf knights
  A deep elf archer (Elf:1)
  A deep elf mage (Elf:1)
  A cyclops (Vaults:1)
  A faun (Shoals:2)
  5 yaktaurs
  A catoblepas skeleton (Geh:3)
  A merfolk (Shoals:4)
  A flying skull (Coc:7)
  An ettin skeleton (Geh:7)
  A water elemental (Hell)
  2 shadows
  An air elemental (Elf:3)
  A redback (Vaults:4)
  A naga (Snake:4)
  2 necrophages
  2 ogres
  A wight (Tar:7)
  An iron imp (Dis:7)
  An orc wizard (D:14)
  A white imp (Coc:7)
  3 orcs (Orc:2)
  A kobold zombie (Geh:3)
  4 eldritch tentacle segments (Geh:7)
  21 fungi
  21 plants
  10 tentacles
  324 tentacle segments
  2 withered plants (D:15)
446 creatures vanquished.

Grand Total: 5079 creatures vanquished

Notes
Turn   | Place    | Note
--------------------------------------------------------------
     0 | D:1      | incide the Minotaur Wanderer began the quest for the Orb.
     0 | D:1      | incide set off with: a scroll of fear, a scroll of blinking, a +0 hand axe, 7 poisoned needles, a +0 blowgun, a +0 robe, a bread ration
     0 | D:1      | Reached XP level 1. HP: 22/22 MP: 0/0
   185 | D:1      | Reached skill level 1 in Axes
   258 | D:1      | Reached skill level 2 in Axes
   261 | D:1      | Reached XP level 2. HP: 25/28 MP: 1/1
   648 | D:1      | Reached skill level 2 in Maces & Flails
   851 | D:2      | HP: 5/28 [poisoned by an adder]
   851 | D:2      | Reached XP level 3. HP: 7/35 MP: 2/2
   858 | D:2      | HP: 6/35 [poisoned by an adder]
  1159 | D:2      | Reached skill level 3 in Maces & Flails
  1290 | D:2      | Reached XP level 4. HP: 38/41 MP: 3/3
  1444 | D:2      | Reached skill level 4 in Maces & Flails
  1757 | D:3      | Noticed Ijyb
  1762 | D:3      | Killed Ijyb
  1762 | D:3      | Reached skill level 5 in Maces & Flails
  1976 | D:3      | Reached XP level 5. HP: 47/47 MP: 4/4
  2315 | D:4      | Reached skill level 6 in Maces & Flails
  2350 | D:4      | Found a shadowy altar of Dithmenos.
  2369 | D:4      | Reached skill level 7 in Maces & Flails
  2369 | D:4      | Reached XP level 6. HP: 55/55 MP: 5/5
  2451 | D:4      | Reached skill level 8 in Maces & Flails
  2730 | D:4      | Reached XP level 7. HP: 60/60 MP: 6/6
  2764 | D:4      | Reached skill level 1 in Shields
  2885 | D:4      | Noticed barb4r1an's ghost (amateur MfSk)
  2908 | D:4      | Killed barb4r1an's ghost
  2908 | D:4      | Reached skill level 3 in Shields
  3336 | D:4      | Reached skill level 4 in Shields
  3392 | D:5      | Entered Level 5 of the Dungeon
  3429 | D:5      | Reached skill level 5 in Shields
  3521 | D:5      | Noticed Sigmund
  3531 | D:5      | Killed Sigmund
  3531 | D:5      | Reached skill level 6 in Shields
  3541 | D:5      | Reached XP level 8. HP: 55/67 MP: 7/7
  3549 | D:5      | Noticed imganon's ghost (novice DsBe)
  3565 | D:5      | Killed imganon's ghost
  3565 | D:5      | Reached skill level 4 in Armour
  3729 | D:5      | Reached skill level 5 in Armour
  3748 | D:5      | Noticed Grinder
  3758 | D:5      | Killed Grinder
  3758 | D:5      | Reached skill level 6 in Armour
  3764 | D:5      | Found a staircase to the Ecumenical Temple.
  3794 | Temple   | Entered the Ecumenical Temple
  4110 | D:5      | Noticed Edmund
  4131 | D:5      | Killed Edmund
  4131 | D:5      | Reached skill level 7 in Armour
  4358 | D:5      | Found a sparkling altar of Nemelex Xobeh.
  4497 | D:6      | Noticed a troll
  4512 | D:6      | Killed a troll
  4512 | D:6      | Reached skill level 9 in Maces & Flails
  4512 | D:6      | Reached XP level 9. HP: 60/73 MP: 8/8
  4600 | D:6      | Reached skill level 10 in Maces & Flails
  4806 | D:6      | Found a radiant altar of Vehumet.
  4876 | D:6      | Found a stormy altar of Qazlal.
  4909 | D:6      | Became a worshipper of Qazlal Stormbringer
  4929 | D:6      | Found a deep blue altar of Sif Muna.
  5059 | D:6      | Found a snail-covered altar of Cheibriados.
  5079 | D:6      | Found an opulent altar of Gozag.
  5082 | D:6      | Found an iron altar of Okawaru.
  5084 | D:6      | Found a burning altar of Makhleb.
  5090 | D:6      | Reached skill level 11 in Maces & Flails
  5096 | D:6      | Found a sacrificial altar of Ru.
  5147 | D:6      | Found a white marble altar of Elyvilon.
  5380 | D:6      | Found a bloodstained altar of Trog.
  5380 | D:6      | Found a basalt altar of Yredelemnul.
  5798 | D:7      | Reached skill level 12 in Maces & Flails
  5810 | D:7      | Found a blossoming altar of Fedhas.
  5832 | D:7      | Reached * piety under Qazlal
  5964 | D:8      | Gained mutation: You tend to lose your temper in combat. [mutagenic meat]
  5965 | D:8      | Gained mutation: You evolve. [mutagenic meat]
  5966 | D:8      | Gained mutation: Scrolls take you a little longer to read. [mutagenic meat]
  5967 | D:8      | Gained mutation: You regenerate slowly when monsters are visible. [mutagenic meat]
  5968 | D:8      | Gained mutation: Your muscles are strong. (Str +2) [mutagenic meat]
  6011 | D:8      | Found a staircase to the Lair.
  6013 | D:8      | Noticed F1L1N's ghost (novice FoFi)
  6027 | D:8      | Killed F1L1N's ghost
  6027 | D:8      | Reached skill level 13 in Maces & Flails
  6027 | D:8      | Reached XP level 10. HP: 35/80 MP: 9/9
  6034 | D:8      | Noticed a spiny frog
  6046 | D:8      | Killed a spiny frog
  6367 | D:8      | Got a heavily runed ring mail
  6370 | D:8      | Identified the +4 ring mail "Quutec" {MR+ Regen+ Dex+3} (You found it on level 8 of the Dungeon)
  6674 | D:8      | Reached skill level 2 in Dodging
  6715 | D:8      | Gained mutation: Your system is resistant to poisons. [evolution]
  6739 | D:9      | Found a sparkling altar of Nemelex Xobeh.
  6760 | D:9      | Reached skill level 3 in Dodging
  6761 | D:9      | Reached ** piety under Qazlal
  6774 | D:9      | Reached skill level 4 in Dodging
  6789 | D:9      | Got a jewelled shortbow
  6792 | D:9      | Identified the cursed +3 shortbow "Hooschod" {freeze, rC+} (You found it on level 9 of the Dungeon)
  6964 | D:9      | Reached skill level 5 in Dodging
  7194 | D:9      | Identified a +4 rod of inaccuracy (13/13) (You found it on level 9 of the Dungeon)
  7493 | Lair:1   | Entered Level 1 of the Lair of Beasts
  7501 | Lair:1   | Reached skill level 6 in Dodging
  7512 | Lair:1   | Reached skill level 7 in Dodging
  7606 | Lair:1   | Noticed a five-headed hydra
  7612 | Lair:1   | Killed a five-headed hydra
  7612 | Lair:1   | Reached skill level 8 in Dodging
  7612 | Lair:1   | Reached XP level 11. HP: 85/85 MP: 10/10
  7629 | Lair:1   | Reached *** piety under Qazlal
  7963 | Lair:1   | Reached skill level 9 in Dodging
  8485 | Lair:2   | Reached skill level 10 in Dodging
  8519 | Lair:2   | Reached **** piety under Qazlal
  8554 | Lair:2   | Reached skill level 5 in Fighting
  8616 | Lair:2   | Reached skill level 6 in Fighting
  8643 | Lair:2   | Reached skill level 7 in Fighting
  8689 | Lair:2   | Gained mutation: You can translocate small distances at will. [potion of mutation]
  8689 | Lair:2   | Gained mutation: Your muscles are very strong. (Str +4) [potion of mutation]
  8699 | Lair:2   | Noticed Gastronok
  8717 | Lair:2   | Killed Gastronok
  8717 | Lair:2   | Reached skill level 9 in Fighting
  9202 | Lair:3   | Gained mutation: Your magical capacity is low (-10% MP). [potion of mutation]
  9202 | Lair:3   | Gained mutation: You are partially covered in slimy green scales (AC +2). [potion of mutation]
  9280 | Lair:3   | Noticed Sonja
  9293 | Lair:3   | Killed Sonja
  9464 | Lair:3   | Reached skill level 10 in Fighting
  9478 | Lair:3   | Got an ancient morningstar
  9479 | Lair:3   | Identified the +5 morningstar of the Scroll {crush, Stlth+} (You found it on level 3 of the Lair of Beasts)
  9499 | Lair:3   | Learned a level 1 spell: Summon Butterflies
  9810 | Lair:4   | Reached skill level 8 in Armour
  9854 | Lair:4   | Gained mutation: Your flesh is cold resistant. [evolution]
  9976 | Lair:4   | Noticed a griffon
  9982 | Lair:4   | Reached XP level 12. HP: 79/106 MP: 6/9
  9985 | Lair:4   | Reached skill level 9 in Armour
 10598 | Lair:5   | Got a pair of dazzling gloves
 10609 | Lair:5   | Identified the +2 pair of gloves of Coronation {rF+} (You found it on level 5 of the Lair of Beasts)
 10630 | Lair:5   | Reached skill level 10 in Armour
 10825 | Lair:5   | Noticed epen's ghost (journeyman DsGl)
 10825 | Lair:5   | Found a staircase to the Snake Pit.
 10846 | Lair:5   | Killed epen's ghost
 10846 | Lair:5   | Reached skill level 11 in Armour
 10853 | Lair:5   | Reached ***** piety under Qazlal
 11049 | Lair:5   | Reached skill level 14 in Maces & Flails
 11645 | Lair:6   | Found a staircase to the Shoals.
 11741 | Lair:6   | Noticed Kirke
 11747 | Lair:6   | Reached skill level 15 in Maces & Flails
 11755 | Lair:6   | Killed Kirke
 11917 | Lair:6   | Reached skill level 16 in Maces & Flails
 12039 | Lair:6   | Lost mutation: You tend to lose your temper in combat. [potion of cure mutation]
 12039 | Lair:6   | Lost mutation: Your system is resistant to poisons. [potion of cure mutation]
 12039 | Lair:6   | Lost mutation: You evolve. [potion of cure mutation]
 12039 | Lair:6   | Lost mutation: Your magical capacity is low (-10% MP). [potion of cure mutation]
 12039 | Lair:6   | Lost mutation: Your muscles are very strong. (Str +4) [potion of cure mutation]
 12039 | Lair:6   | Lost mutation: Your flesh is cold resistant. [potion of cure mutation]
 12062 | Lair:6   | Reached XP level 13. HP: 113/113 MP: 12/12
 12477 | Lair:6   | Reached skill level 17 in Maces & Flails
 12641 | Lair:7   | Got a crystal long sword
 12642 | Lair:7   | Identified the +4 long sword "Bioneq" {drain, rC+++ Int-2 Dex-3 SInv} (You found it on level 7 of the Lair of Beasts)
 12859 | Lair:7   | Reached skill level 18 in Maces & Flails
 13205 | Lair:8   | Entered Level 8 of the Lair of Beasts
 13243 | Lair:8   | Found an iron altar of Okawaru.
 13417 | Lair:8   | Reached ****** piety under Qazlal
 13417 | Lair:8   | Reached skill level 19 in Maces & Flails
 13696 | Lair:8   | Reached XP level 14. HP: 120/121 MP: 13/13
 13951 | Lair:8   | Got a heavily runed marble ring
 13954 | Lair:8   | Identified the ring "Moja" {Ice rElec rPois MR+ SInv} (You found it on level 8 of the Lair of Beasts)
 13988 | Lair:8   | Reached skill level 11 in Fighting
 14269 | Lair:8   | Found a viscous altar of Jiyva.
 14269 | Lair:8   | Found a staircase to the Slime Pits.
 14591 | Snake:1  | Entered Level 1 of the Snake Pit
 14828 | D:10     | Entered Level 10 of the Dungeon
 14848 | D:10     | Noticed Erica
 14853 | D:10     | Killed Erica
 14866 | D:10     | Found a staircase to the Orcish Mines.
 14910 | D:10     | Noticed Psyche
 14914 | D:10     | Killed Psyche
 15066 | D:10     | Reached skill level 12 in Fighting
 15135 | D:10     | Noticed Fannar
 15150 | D:10     | Killed Fannar
 15248 | D:10     | Got a crude scale mail
 15251 | D:10     | Identified the +5 scale mail of the Apprentice {*Confuse rCorr Str-5 Dex+3} (You found it on level 10 of the Dungeon)
 15259 | D:10     | Got a twitching lead ring
 15262 | D:10     | Identified the ring of the Spinneret {rElec rPois rC+} (You found it on level 10 of the Dungeon)
 15289 | D:10     | Reached skill level 13 in Fighting
 15479 | D:10     | You fall through a shaft for 3 floors!
 15601 | D:13     | Gained mutation: Your body sometimes deteriorates upon taking damage. [mutagenic meat]
 15603 | D:13     | Gained mutation: You do not regenerate naturally when monsters are visible. [mutagenic meat]
 15662 | D:13     | Found an iron altar of Okawaru.
 15710 | D:13     | Reached skill level 14 in Fighting
 15776 | D:13     | Lost mutation: Your muscles are strong. (Str +2) [potion of cure mutation]
 15776 | D:13     | Lost mutation: Scrolls take you a little longer to read. [potion of cure mutation]
 15776 | D:13     | Lost mutation: You can translocate small distances at will. [potion of cure mutation]
 16089 | D:13     | Got a pitted cloak
 16095 | D:13     | Identified the +2 cloak "Ranutz" {rF+ SInv} (You found it on level 13 of the Dungeon)
 16184 | D:13     | Got a steaming hat
 16190 | D:13     | Identified the +0 hat of the Wheelwright {-Tele rElec MR+} (You found it on level 13 of the Dungeon)
 16208 | D:13     | Got a polished ring mail
 16219 | D:13     | Identified the +1 ring mail of Asats {Dex+6} (You found it on level 13 of the Dungeon)
 16243 | D:13     | Got a steaming executioner's axe
 16251 | D:13     | Identified the +6 executioner's axe "Lifebane" {drain, rF- MR+++} (You found it on level 13 of the Dungeon)
 16254 | D:13     | Got a bone war axe
 16255 | D:13     | Identified the +1 war axe "Ucsaj" {venom, rPois Stlth+} (You found it on level 13 of the Dungeon)
 16314 | D:13     | Got a turquoise-encrusted leather armour
 16325 | D:13     | Identified the +1 leather armour of Tocac {rElec rC+ rN+ SInv} (You found it on level 13 of the Dungeon)
 16529 | D:12     | Found a portal to a secret trove of treasure.
 16928 | D:12     | Reached skill level 15 in Fighting
 18060 | D:14     | Reached skill level 12 in Armour
 18094 | D:14     | Reached XP level 15. HP: 135/141 MP: 14/14
 18165 | D:14     | Reached skill level 13 in Armour
 18234 | D:14     | Found a gate to the Vaults.
 18381 | D:14     | Reached skill level 14 in Armour
 18591 | D:15     | Entered Level 15 of the Dungeon
 18912 | D:15     | Found a staircase to the Depths.
 18933 | D:15     | Reached skill level 15 in Armour
 19688 | Orc:1    | Entered Level 1 of the Orcish Mines
 19788 | Orc:1    | Reached skill level 11 in Dodging
 20125 | Orc:1    | Found a roughly hewn altar of Beogh.
 20130 | Orc:1    | Reached skill level 1 in Invocations
 20269 | Orc:2    | Entered Level 2 of the Orcish Mines
 20343 | Orc:2    | Reached skill level 2 in Invocations
 20346 | Orc:2    | Found a roughly hewn altar of Beogh.
 20415 | Orc:2    | Found Qieraogg's Jewellery Emporium.
 20419 | Orc:2    | Reached skill level 3 in Invocations
 20434 | Orc:2    | Found Feoqau's Book Shoppe.
 20552 | Orc:2    | Reached skill level 4 in Invocations
 20997 | Orc:2    | Found a staircase to the Elven Halls.
 21037 | Orc:2    | Reached skill level 5 in Invocations
 21125 | Orc:2    | Noticed an orc warlord
 21138 | Orc:2    | Killed an orc warlord
 21194 | Orc:2    | Found a roughly hewn altar of Beogh.
 21232 | Orc:2    | Reached skill level 6 in Invocations
 21414 | Orc:2    | Found Istril's Book Shoppe.
 21487 | Orc:2    | Found Puobok's Weapon Shop.
 21491 | Orc:2    | Reached XP level 16. HP: 116/149 MP: 15/19
 22110 | Snake:1  | Reached skill level 7 in Invocations
 22314 | Snake:1  | Reached skill level 8 in Invocations
 22492 | Snake:1  | Noticed Azrael
 22506 | Snake:1  | Killed Azrael
 23139 | Snake:1  | Reached skill level 9 in Invocations
 23795 | Snake:2  | Reached skill level 10 in Invocations
 24647 | Snake:3  | Reached skill level 16 in Armour
 24763 | Snake:3  | Reached skill level 17 in Armour
 25524 | Snake:3  | Reached XP level 17. HP: 140/156 MP: 21/23
 25861 | Snake:4  | Entered Level 4 of the Snake Pit
 25876 | Snake:4  | Reached skill level 18 in Armour
 26086 | Snake:4  | Noticed Vashnia
 26280 | Snake:4  | Killed Vashnia
 26384 | Snake:4  | Reached skill level 19 in Armour
 26545 | Snake:4  | Found Voloibb's General Store.
 26553 | Snake:4  | Bought a scroll of identify for 34 gold pieces
 26669 | Snake:4  | Noticed Asterion
 26678 | Snake:4  | Killed Asterion
 27417 | Snake:4  | Reached skill level 20 in Armour
 27766 | Snake:4  | Reached skill level 20 in Maces & Flails
 28279 | Snake:4  | Reached XP level 18. HP: 131/163 MP: 15/24
 28342 | Snake:4  | Reached skill level 21 in Maces & Flails
 28605 | Snake:4  | Got a serpentine rune of Zot
 28804 | Snake:1  | Reached skill level 16 in Fighting
 29043 | Elf:1    | Entered Level 1 of the Elven Halls
 29228 | Elf:1    | Found a frozen archway.
 29235 | IceCv    | Entered an ice cave
 29252 | IceCv    | Reached skill level 17 in Fighting
 29575 | IceCv    | Noticed an Ice Fiend
 29583 | IceCv    | Killed an Ice Fiend
 29831 | Elf:1    | Reached skill level 18 in Fighting
 30258 | Elf:1    | Got a heavily runed platinum amulet
 30259 | Elf:1    | Identified the amulet "Taudecau" {RegenMP -Tele MR+ Int+4 Dex+3} (You found it on level 1 of the Elven Halls)
 30421 | Elf:1    | Found an ancient bone altar of Kikubaaqudgha.
 30879 | Elf:2    | Reached skill level 19 in Fighting
 31061 | Elf:2    | Found a runed gate.
 31061 | Elf:2    | Found a runed gate.
 31063 | Elf:2    | Found a runed gate.
 31140 | Elf:2    | Reached XP level 19. HP: 123/183 MP: 25/25
 31480 | Elf:2    | Reached skill level 20 in Fighting
 31545 | Elf:2    | HP: 33/187 [trident of venom (11)]
 31562 | Elf:2    | HP: 37/187 [poisoned by a trident of venom]
 31570 | Elf:2    | HP: 33/187 [poisoned by a trident of venom]
 32232 | Elf:3    | Entered Level 3 of the Elven Halls
 32235 | Elf:3    | Noticed Jorgrun
 32248 | Elf:3    | Found a flickering gateway to a bazaar.
 32259 | Elf:3    | Killed Jorgrun
 32268 | Bazaar   | Entered a bazaar
 32282 | Bazaar   | Found Doxuvut's Antique Weapon Shoppe.
 32282 | Bazaar   | Found Lunurghi's Assorted Antiques.
 32305 | Bazaar   | Found Rabae's Weapon Shoppe.
 32399 | Bazaar   | Bought a brass wand for 88 gold pieces
 32399 | Bazaar   | Bought a scratched bone ring for 110 gold pieces
 33029 | Elf:3    | Reached skill level 21 in Fighting
 33166 | Elf:3    | HP: 23/190 [large abomination[a deep elf high priest] (23)]
 33422 | Elf:3    | Reached skill level 22 in Fighting
 33423 | Elf:3    | HP: 38/191 [smoke demon/divine providence[a deep elf high priest] (8)]
 33870 | Elf:3    | Noticed a Tzitzimitl
 33890 | Elf:3    | Got a dazzling eveningstar {crush}
 33891 | Elf:3    | Identified the +9 eveningstar of the Known World {crush, *Drain rElec Str+4} (You took it off a deep elf annihilator on level 3 of the Elven Halls)
 33894 | Elf:3    | turbostar of asskicking
 34112 | Elf:3    | Got a wavering steel ring
 34116 | Elf:3    | Got an ichor-stained ring mail
 34117 | Elf:3    | Identified the cursed ring "Saohixit" {rElec AC-3 Str-5 Int+9 Slay-2} (You took it off a deep elf high priest on level 3 of the Elven Halls)
 34122 | Elf:3    | Identified the +5 ring mail of the Slug {-Tele rElec rPois Str+4} (You took it off a deep elf high priest on level 3 of the Elven Halls)
 34500 | Elf:3    | Got a twitching silver ring
 34535 | Elf:3    | Got a transparent plate armour
 34536 | Elf:3    | Identified the cursed +0 plate armour "Giproim" {rElec rF- Int-3 SInv} (You took it off a deep elf master archer on level 3 of the Elven Halls)
 34538 | Elf:3    | Identified the ring "Leutreme" {+Inv rC+ MR+ Int-4 Dex+2} (You took it off a deep elf master archer on level 3 of the Elven Halls)
 34975 | Shoals:1 | Entered Level 1 of the Shoals
 35017 | Shoals:1 | Noticed Donald
 35022 | Shoals:1 | Noticed Louise
 35037 | Shoals:1 | Killed Donald
 35037 | Shoals:1 | Reached XP level 20. HP: 196/202 MP: 26/26
 35041 | Shoals:1 | Killed Louise
 35095 | Shoals:1 | Reached skill level 7 in Shields
 35267 | Shoals:1 | Reached skill level 8 in Shields
 35416 | Shoals:1 | Reached skill level 9 in Shields
 35871 | Shoals:2 | Reached skill level 10 in Shields
 35872 | Shoals:2 | Noticed Polyphemus
 35900 | Shoals:2 | Killed Polyphemus
 35951 | Shoals:2 | Noticed Frances
 35967 | Shoals:2 | Reached skill level 11 in Shields
 35974 | Shoals:2 | Killed Frances
 35983 | Shoals:2 | Found a flickering gateway to a bazaar.
 35992 | Bazaar   | Entered a bazaar
 35996 | Bazaar   | Found Ibycuf's General Store.
 36014 | Bazaar   | Found Gab Itun's Antique Armour Emporium.
 36031 | Bazaar   | Found Nar Mys's Book Boutique.
 36048 | Bazaar   | Found Cejoick's Book Shoppe.
 36086 | Bazaar   | Bought a scorched scale mail for 216 gold pieces
 36086 | Bazaar   | Identified the cursed +1 scale mail of Ysuezo {Str+5} (You bought it in a shop in a bazaar)
 36135 | Bazaar   | Bought a potion of curing for 39 gold pieces
 36777 | Shoals:3 | Reached skill level 12 in Shields
 36864 | Shoals:3 | Noticed Aizul
 36875 | Shoals:3 | Killed Aizul
 37509 | Shoals:4 | Entered Level 4 of the Shoals
 37533 | Shoals:4 | Reached skill level 13 in Shields
 37564 | Shoals:4 | Noticed Ilsuiw
 37580 | Shoals:4 | Killed Ilsuiw
 37800 | Shoals:4 | Reached skill level 14 in Shields
 38069 | Shoals:4 | Got a dazzling ring mail
 38070 | Shoals:4 | Identified the +4 ring mail "Reor" {rF+ rN+ Str-4 SInv} (You found it on level 4 of the Shoals)
 38215 | Shoals:4 | Got a barnacled rune of Zot
 38274 | Shoals:4 | Reached skill level 15 in Shields
 38900 | Vaults:1 | Entered Level 1 of the Vaults
 39073 | Vaults:1 | Reached skill level 11 in Invocations
 39083 | Vaults:1 | Got a coiled wooden ring
 39093 | Vaults:1 | Identified the ring of Ymithy {rElec MR+ Int+3} (You found it on level 1 of the Vaults)
 39123 | Vaults:1 | Reached XP level 21. HP: 210/210 MP: 28/28
 39162 | Vaults:1 | Noticed Wiglaf
 39170 | Vaults:1 | Killed Wiglaf
 39300 | Vaults:1 | Reached skill level 12 in Invocations
 39461 | Vaults:1 | Found Wuyjuqeh's Gadget Shop.
 39562 | Vaults:1 | Reached skill level 13 in Invocations
 40006 | Vaults:2 | Reached skill level 14 in Invocations
 41050 | Vaults:2 | Reached skill level 15 in Invocations
 41660 | Vaults:3 | Reached skill level 16 in Invocations
 41868 | Vaults:3 | Reached XP level 22. HP: 210/217 MP: 33/33
 41928 | Vaults:3 | Found Vagejez's Armour Shop.
 41939 | Vaults:3 | Bought the +10 plate armour "Xesav" {Str+4 Dex+8} for 1451 gold pieces
 41998 | Vaults:3 | Found a staircase to the Crypt.
 42445 | Vaults:3 | Reached skill level 17 in Invocations
 43092 | Vaults:4 | Found Lentestri's Gadget Boutique.
 43648 | Vaults:4 | Reached skill level 22 in Maces & Flails
 44411 | Vaults:5 | Entered Level 5 of the Vaults
 44411 | Vaults:5 | Noticed an ancient lich
 44414 | Vaults:5 | Reached skill level 23 in Maces & Flails
 44415 | Vaults:5 | holy fuck qaz+immo
 44415 | Vaults:5 | Killed an ancient lich
 44571 | Vaults:5 | Reached XP level 23. HP: 183/225 MP: 29/34
 44573 | Vaults:5 | Reached skill level 24 in Maces & Flails
 44933 | Vaults:5 | Reached skill level 25 in Maces & Flails
 45572 | Vaults:5 | Reached skill level 26 in Maces & Flails
 45830 | Vaults:5 | Found Igremm's Gadget Boutique.
 45843 | Vaults:5 | Got a glittering pewter ring
 45844 | Vaults:5 | Identified the ring of Kueqim {rF+ rN+ Dex+6 Stlth-} (You found it on level 5 of the Vaults)
 46263 | Vaults:5 | Got a crude lapis lazuli ring
 46264 | Vaults:5 | Identified the ring of Lageggul {rElec rPois Str+2} (You found it on level 5 of the Vaults)
 46336 | Vaults:5 | Got a silver rune of Zot
 46771 | Slime:1  | Entered Level 1 of the Pits of Slime
 47224 | Slime:2  | Gained mutation: You are clumsy. (Dex -2) [a shining eye]
 47470 | Slime:4  | Gained mutation: Armour fits poorly on your strangely shaped body. [a shining eye]
 47489 | Slime:4  | Gained mutation: You are weak. (Str -2) [a shining eye]
 47519 | Slime:5  | Reached XP level 24. HP: 179/234 MP: 34/34
 47524 | Slime:5  | Reached skill level 27 in Maces & Flails
 47844 | Slime:6  | Entered Level 6 of the Pits of Slime
 47861 | Slime:6  | Reached skill level 21 in Armour
 48516 | Slime:6  | Gained mutation: Your body often deteriorates upon taking damage. [a shining eye]
 48520 | Slime:6  | Gained mutation: You are frail (-10% HP). [a shining eye]
 48524 | Slime:6  | Noticed the Royal Jelly
 48540 | Slime:6  | Killed the Royal Jelly
 48861 | Slime:6  | Gained mutation: Your magical capacity is low (-10% MP). [a shining eye]
 48864 | Slime:6  | Reached skill level 22 in Armour
 49487 | Slime:6  | Got a brightly glowing platinum ring
 49488 | Slime:6  | Identified the ring "Pupsovic" {Str+6 Int+3 Dex-4 Slay+6} (You found it on level 6 of the Pits of Slime)
 49522 | Slime:6  | Identified a +3 rod of ignition (10/10) (You found it on level 6 of the Pits of Slime)
 49598 | Slime:6  | Got a slimy rune of Zot
 50114 | Depths:1 | Entered Level 1 of the Depths
 50180 | Depths:1 | Found a gateway to Hell.
 50216 | Depths:1 | Reached skill level 23 in Armour
 50458 | Depths:1 | Lost mutation: You are frail (-10% HP). [potion of cure mutation]
 50458 | Depths:1 | Lost mutation: You are clumsy. (Dex -2) [potion of cure mutation]
 50458 | Depths:1 | Lost mutation: You are partially covered in slimy green scales (AC +2). [potion of cure mutation]
 50458 | Depths:1 | Lost mutation: You are weak. (Str -2) [potion of cure mutation]
 50458 | Depths:1 | Lost mutation: Your magical capacity is low (-10% MP). [potion of cure mutation]
 50994 | Depths:1 | Found a one-way gate leading to the halls of Pandemonium.
 51279 | Depths:2 | Reached skill level 24 in Armour
 51663 | Depths:2 | Reached XP level 25. HP: 233/240 MP: 34/34
 51682 | Depths:2 | Noticed a juggernaut
 51689 | Depths:2 | Killed a juggernaut
 52291 | Depths:3 | Reached skill level 25 in Armour
 52797 | Depths:3 | Found a one-way gate to the infinite horrors of the Abyss.
 53193 | Depths:4 | Reached skill level 26 in Armour
 53793 | Depths:4 | Noticed a juggernaut
 53808 | Depths:4 | Killed a juggernaut
 53808 | Depths:4 | Reached skill level 27 in Armour
 53953 | Depths:5 | Entered Level 5 of the Depths
 53972 | Depths:5 | Noticed Saint Roka
 53986 | Depths:5 | Killed Saint Roka
 53986 | Depths:5 | Reached skill level 12 in Dodging
 54115 | Depths:5 | Found a gateway to a ziggurat.
 54149 | Depths:5 | Reached skill level 13 in Dodging
 54160 | Depths:5 | Found an iron altar of Okawaru.
 54160 | Depths:5 | Found an iron altar of Okawaru.
 54161 | Depths:5 | Found a radiant altar of Vehumet.
 54167 | Depths:5 | Noticed a juggernaut
 54176 | Depths:5 | Killed a juggernaut
 54259 | Depths:5 | Found a gate to the Realm of Zot.
 54356 | Depths:5 | Reached XP level 26. HP: 236/249 MP: 34/34
 54379 | Depths:5 | Reached skill level 14 in Dodging
 54488 | Depths:5 | Reached skill level 15 in Dodging
 54824 | Depths:5 | Reached skill level 16 in Dodging
 55606 | Zot:1    | Entered Level 1 of the Realm of Zot
 55974 | D:12     | You paid a toll of a +2 gold dragon armour to enter a treasure trove
 55975 | Trove    | Entered a treasure trove
 56107 | D:12     | Identified a +2 rod of clouds (11/11) (You found it in a treasure trove)
 56108 | D:12     | Identified a +2 rod of shadows (12/12) (You found it in a treasure trove)
 56454 | Depths:5 | Reached skill level 17 in Dodging
 56611 | Zot:1    | Reached skill level 18 in Invocations
 56704 | Zot:1    | Noticed an orb of fire
 56709 | Zot:1    | Killed an orb of fire
 56927 | Zot:1    | Reached skill level 18 in Dodging
 57544 | Zot:2    | Reached XP level 27. HP: 228/256 MP: 26/35
 57755 | Zot:2    | Reached skill level 19 in Dodging
 58666 | Zot:3    | Reached skill level 19 in Invocations
 58692 | Zot:3    | Reached skill level 20 in Dodging
 58773 | Zot:3    | Noticed an orb of fire
 58773 | Zot:3    | Gained mutation: You are occasionally teleported next to monsters. [an orb of fire]
 58778 | Zot:3    | Killed an orb of fire
 59128 | Zot:3    | Reached skill level 20 in Invocations
 59196 | Zot:3    | Found a glowing silver altar of Zin.
 59766 | Zot:4    | Noticed an orb of fire
 59773 | Zot:4    | Killed an orb of fire
 59773 | Zot:4    | Reached skill level 21 in Invocations
 59919 | Zot:4    | Reached skill level 22 in Invocations
 60412 | Zot:4    | Reached skill level 23 in Invocations
 60485 | Zot:5    | Entered Level 5 of the Realm of Zot
 60490 | Zot:5    | Noticed an orb of fire
 60506 | Zot:5    | Killed an orb of fire
 60960 | Zot:5    | Noticed an ancient lich
 60965 | Zot:5    | Killed an ancient lich
 61220 | Zot:5    | Reached skill level 24 in Invocations
 61300 | Zot:5    | Lost mutation: Armour fits poorly on your strangely shaped body. [potion of cure mutation]
 61300 | Zot:5    | Lost mutation: Your body often deteriorates upon taking damage. [potion of cure mutation]
 61300 | Zot:5    | Lost mutation: You are occasionally teleported next to monsters. [potion of cure mutation]
 61300 | Zot:5    | Lost mutation: You do not regenerate naturally when monsters are visible. [potion of cure mutation]
 61301 | Zot:5    | Gained mutation: Your spells are a little harder to cast, but a little more powerful. [potion of beneficial mutation]
 61302 | Zot:5    | Gained mutation: Your flesh is heat resistant. [potion of beneficial mutation]
 61487 | Hell     | Entered the Vestibule of Hell
 61487 | Hell     | Noticed Murray
 61487 | Hell     | Noticed Geryon
 61522 | Depths:5 | Killed Murray
 61796 | Hell     | Killed Geryon
 62088 | Hell     | Gained mutation: Your magical capacity is low (-10% MP). [a cacodemon]
 62115 | Hell     | Reached skill level 25 in Invocations
 62210 | Hell     | Found a gateway to the decaying netherworld of Tartarus.
 62344 | Hell     | Found a gateway to the Iron City of Dis.
 62478 | Hell     | Found a gateway to the freezing wastes of Cocytus.
 62520 | Hell     | Found a gateway to the ashen valley of Gehenna.
 62583 | Geh:1    | Entered Level 1 of Gehenna
 62892 | Geh:4    | Reached skill level 26 in Invocations
 63349 | Geh:7    | Entered Level 7 of Gehenna
 63930 | Geh:7    | Reached skill level 27 in Invocations
 63933 | Geh:7    | Reached skill level 23 in Fighting
 64787 | Geh:7    | Reached skill level 24 in Fighting
 64829 | Geh:7    | Noticed Asmodeus
 64850 | Geh:7    | Killed Asmodeus
 64941 | Geh:7    | Got an obsidian rune of Zot
 65227 | Geh:7    | Paralysed by a lich for 3 turns
 65233 | Geh:7    | Reached skill level 25 in Fighting
 66187 | Geh:7    | Reached skill level 26 in Fighting
 67089 | Tar:1    | Entered Level 1 of Tartarus
 67488 | Tar:7    | Entered Level 7 of Tartarus
 67527 | Tar:7    | Reached skill level 27 in Fighting
 67969 | Tar:7    | Reached skill level 21 in Dodging
 68214 | Tar:7    | Reached skill level 22 in Dodging
 68826 | Tar:7    | Reached skill level 23 in Dodging
 69265 | Tar:7    | Identified a +1 rod of ignition (13/13) (You found it on level 7 of Tartarus)
 69578 | Tar:7    | Reached skill level 24 in Dodging
 69597 | Tar:7    | Noticed Ereshkigal
 69616 | Tar:7    | HP: 51/273 [???[a shadow demon] (33)]
 70257 | Tar:7    | Killed Ereshkigal
 70497 | Tar:7    | Got a bone rune of Zot
 70719 | Dis:1    | Entered Level 1 of the Iron City of Dis
 70830 | Dis:2    | Reached skill level 25 in Dodging
 70875 | Dis:2    | Gained mutation: You tend to lose your temper in combat. [mutagenic glow]
 71675 | Dis:5    | Reached skill level 26 in Dodging
 72078 | Dis:6    | HP: 45/273 [??? (20)]
 72083 | Dis:6    | HP: 42/273 [??? (19)]
 72690 | Dis:7    | Entered Level 7 of the Iron City of Dis
 72723 | Dis:7    | Reached skill level 27 in Dodging
 72774 | Dis:7    | Reached skill level 16 in Shields
 72877 | Dis:7    | Noticed the Serpent of Hell
 72893 | Dis:7    | Killed the Serpent of Hell
 72893 | Dis:7    | Reached skill level 17 in Shields
 72965 | Dis:7    | Reached skill level 18 in Shields
 73385 | Dis:7    | Reached skill level 19 in Shields
 73471 | Dis:7    | Reached skill level 20 in Shields
 73539 | Dis:7    | Noticed Dispater
 73571 | Dis:7    | Killed Dispater
 73613 | Dis:7    | Got an iron rune of Zot
 73770 | Dis:7    | Reached skill level 21 in Shields
 74299 | Dis:7    | HP: 51/267 [iron giant's throw (54)]
 74527 | Dis:7    | Gained mutation: You do not regenerate naturally when monsters are visible. [mutagenic glow]
 74735 | Coc:1    | Entered Level 1 of Cocytus
 74751 | Coc:1    | Reached skill level 22 in Shields
 74907 | Coc:2    | You fall through a shaft!
 74959 | Coc:3    | Reached skill level 1 in Evocations
 74979 | Coc:3    | Reached skill level 2 in Evocations
 75064 | Coc:3    | Reached skill level 3 in Evocations
 75168 | Coc:3    | Reached skill level 4 in Evocations
 75270 | Coc:3    | Reached skill level 5 in Evocations
 75332 | Coc:3    | Reached skill level 6 in Evocations
 75441 | Coc:3    | Reached skill level 7 in Evocations
 75573 | Coc:4    | Reached skill level 8 in Evocations
 75643 | Coc:4    | Reached skill level 9 in Evocations
 75795 | Coc:4    | Reached skill level 10 in Evocations
 76123 | Coc:5    | Reached skill level 11 in Evocations
 76253 | Coc:5    | Reached skill level 12 in Evocations
 76467 | Coc:5    | Reached skill level 13 in Evocations
 76503 | Coc:5    | Gained mutation: You are frail (-10% HP). [mutagenic glow]
 76536 | Coc:5    | Lost mutation: Your spells are a little harder to cast, but a little more powerful. [mutagenic glow]
 76579 | Coc:5    | Gained mutation: You occasionally shout uncontrollably at your foes. [mutagenic glow]
 76779 | Coc:7    | Entered Level 7 of Cocytus
 76795 | Coc:7    | Reached skill level 14 in Evocations
 77000 | Coc:7    | Reached skill level 15 in Evocations
 77505 | Coc:7    | Reached skill level 16 in Evocations
 77701 | Coc:7    | Lost mutation: You occasionally shout uncontrollably at your foes. [potion of cure mutation]
 77701 | Coc:7    | Lost mutation: Your body sometimes deteriorates upon taking damage. [potion of cure mutation]
 77701 | Coc:7    | Lost mutation: You tend to lose your temper in combat. [potion of cure mutation]
 77902 | Coc:7    | Reached skill level 17 in Evocations
 78351 | Coc:7    | Noticed Antaeus
 78368 | Coc:7    | HP: 43/235 [Antaeus/warped falchion {vamp} (18)]
 78410 | Coc:7    | Killed Antaeus
 78410 | Coc:7    | Reached skill level 18 in Evocations
 78657 | Coc:7    | Got a warped plate armour
 78658 | Coc:7    | Identified the cursed +1 plate armour "Quv Muaz" {rC+ Int+4} (You found it on level 7 of Cocytus)
 78662 | Coc:7    | Got a smoking sapphire amulet
 78663 | Coc:7    | Identified the amulet of Compulsion {Faith Dex+4} (You found it on level 7 of Cocytus)
 78710 | Coc:7    | Got an icy rune of Zot
 79046 | Depths:3 | Voluntarily entered the Abyss.
 79160 | Abyss:1  | Paralysed by accursed screaming for 1 turns
 79472 | Abyss:2  | Gained mutation: Your magical capacity is very low (-20% MP). [a shining eye]
 79475 | Abyss:2  | Gained mutation: You are very frail (-20% HP). [a shining eye]
 79476 | Abyss:2  | Gained mutation: You are clumsy. (Dex -2) [a shining eye]
 79491 | Abyss:2  | Gained mutation: Armour fits poorly on your strangely shaped body. [a shining eye]
 79570 | Abyss:3  | Found a corrupted altar of Lugonu.
 79576 | Abyss:3  | Got an abyssal rune of Zot
 79677 | Abyss:3  | Reached skill level 19 in Evocations
 79679 | Depths:3 | You pass through the gate.
 79679 | Depths:3 | Escaped the Abyss
 79853 | Pan      | Entered Pandemonium
 79881 | Pan      | Noticed Yddavupn the pandemonium lord
 79891 | Pan      | Killed Yddavupn the pandemonium lord
 79989 | Pan      | HP: 39/218 [balrug/divine providence (10)]
 79992 | Pan      | Noticed Eschaen the pandemonium lord
 79995 | Pan      | HP: 34/218 [Executioner (3)]
 80005 | Pan      | HP: 38/218 [Executioner (4)]
 80010 | Pan      | HP: 27/218 [Executioner/nerve-wracking pain (11)]
 80029 | Pan      | HP: 30/218 [soul eater/drain life (7)]
 80037 | Pan      | HP: 13/218 [soul eater/drain life (10)]
 80060 | Pan      | HP: 18/218 [Hell Sentinel/damnation (14)]
 80063 | Pan      | Reached skill level 20 in Evocations
 80068 | Pan      | Killed from afar by a soul eater

Skill      XL: |  1  2  3  4  5  6  7  8  9 10 11 12 13 14 15 16 17 18 19 20 21 22 23 24 25 26 27 |
---------------+----------------------------------------------------------------------------------+-----
Axes           | 2 |  2.4
Maces & Flails | 2 3 5 7 8 9 13 16 19 20 21 23 26 27 | 27.0
Shields        | 6 15 22 | 22.6
Armour         | 7 8 11 12 15 17 20 24 27 | 27.0
Dodging        | 8 10 11 13 18 27 | 27.0
Fighting       | 10 15 19 22 27 | 27.0
Invocations    | 6 10 11 16 17 18 27 | 27.0
Evocations     | 20 | 20.0
Throwing       | |  2.0
Unarmed Combat | |  1.1

Action                   |  1- 3 |  4- 6 |  7- 9 | 10-12 | 13-15 | 16-18 | 19-21 | 22-24 | 25-27 || total
-------------------------+-------+-------+-------+-------+-------+-------+-------+-------+-------++-------
Melee: Hand axe          |    20 |       |       |       |       |       |       |       |       ||    20
       Headbutt          |    13 |    24 |    80 |   197 |   434 |   436 |   442 |   388 |  1684 ||  3698
       Mace              |    59 |    97 |   370 |   477 |       |       |       |       |       ||  1003
       Morningstar       |       |       |       |   200 |  1328 |  1464 |   354 |       |       ||  3346
       Eveningstar       |       |       |       |       |       |       |  1175 |  1138 |  4893 ||  7206
Throw: Tomahawk          |       |     5 |     5 |       |       |       |       |       |       ||    10
       Throwing net      |       |       |       |       |       |     2 |       |       |       ||     2
Invok: Upheaval          |       |       |       |       |     2 |    19 |    16 |     8 |    22 ||    67
       Disaster Area     |       |       |       |       |       |       |     2 |     5 |     8 ||    15
       Elemental Force   |       |       |       |       |       |       |       |     1 |       ||     1
Evoke: Wand              |       |       |     1 |    10 |       |     2 |     1 |     7 |     2 ||    23
       Box of beasts     |       |       |       |       |       |       |       |       |     5 ||     5
       Phantom mirror    |       |       |       |       |       |       |       |       |     1 ||     1
  Use: Scroll            |       |       |     1 |    22 |     9 |    11 |    24 |    18 |    37 ||   122
       Potion            |       |       |       |     9 |     4 |     4 |     8 |     2 |    33 ||    60
 Stab: Sleeping          |     1 |       |       |       |       |       |       |       |       ||     1
       Distracted        |       |       |       |       |     1 |       |       |       |     3 ||     4
       Held in net/web   |       |       |       |       |       |     3 |       |       |       ||     3
       Confused          |       |       |       |       |       |       |       |     2 |       ||     2
  Eat: Chunk             |     1 |     5 |    17 |    24 |    28 |    11 |     9 |     8 |    15 ||   118
       Beef jerky        |       |       |     1 |       |       |    11 |     5 |     3 |     4 ||    24
       Pizza             |       |       |       |       |     5 |     2 |       |     1 |     3 ||    11
       Royal jelly       |       |       |       |       |       |     1 |       |     1 |     1 ||     3
       Fruit             |       |       |       |       |       |     1 |       |       |       ||     1
       Meat ration       |       |       |       |       |       |       |     4 |     3 |    16 ||    23
Armor: Ring mail         |    34 |       |       |   143 |   185 |    17 |     4 |       |       ||   383
       Robe              |     3 |       |       |       |       |       |       |       |       ||     3
       Chain mail        |       |    66 |   167 |    26 |       |       |       |       |       ||   259
       Plate armour      |       |       |       |       |       |   470 |   441 |   236 |   863 ||  2010
Dodge: Dodged            |    46 |    40 |    80 |   295 |   512 |   456 |   516 |   382 |  2152 ||  4479
       Deflected         |       |       |       |     1 |    18 |    90 |    55 |    34 |    61 ||   259
Block: Buckler           |       |       |    76 |   349 |   752 |   966 |   274 |       |       ||  2417
       Shield            |       |       |       |       |       |       |  1043 |  1110 |  5474 ||  7627
       Reflection        |       |       |       |       |       |       |   123 |   135 |   139 ||   397
